 Dungeon Sprint DCSS version 0.31-a0-806-g0bc164a743 (webtiles) character file.

Game seed: 15484010492893139046

3073 Conn the Thaumaturge (level 9, -5/56 HPs)
             Began as an Octopode Fire Elementalist on Sept 21, 2023.
             Was a High Priest of Sif Muna.
             Killed from afar by an acid dragon (13 damage)
             ... with a splash of acid
             ... in the Dungeon (Sprint VII: "The Pits").
             The game lasted 00:09:41 (1529 turns).

Conn the Thaumaturge (Octopode Fire Elementalist)   Turns: 1529, Time: 00:09:41

Health: -5/56      AC:  1    Str: 10    XL:     9   Next: 88%
Magic:  14/26      EV: 14    Int: 25    God:    Sif Muna [*****.]
Gold:   0          SH:  0    Dex: 12    Spells: 5/34 levels left

rFire   . . .        g - +2 trident (protect)
rCold   . . .        (no shield)
rNeg    . . .        (helmet restricted)
rPois   .            (no amulet)
rElec   .            l - +3 ring of intelligence
rCorr   .            m - +3 ring of strength
SInv    .            (no ring)
Will    .....        (no ring)
Stlth   ++++         (no ring)
HPRegen 0.29/turn    (no ring)
MPRegen 0.20/turn    (no ring)
                     (no ring)

%: no teleportation
@: no status effects
A: almost no armour, amphibious, 8 rings, camouflage 1, gelatinous body 1,
(nimble swimmer 1), tentacles
a: Renounce Religion, Channel Magic, Forget Spell, Divine Exegesis


You were in the Dungeon.
You worshipped Sif Muna.
Sif Muna was extremely pleased with you.
You visited 1 branch

Inventory:

Hand Weapons
 g - a +2 trident of protection (weapon)
Jewellery
 l - a +3 ring of intelligence (left tentacle)
 m - a +3 ring of strength (right tentacle)
Scrolls
 f - a scroll of blinking
 i - 2 scrolls of vulnerability
 j - 5 scrolls of amnesia
 k - a scroll of butterflies
Potions
 a - 5 potions of magic
 b - 7 potions of curing
 c - 8 potions of heal wounds
 d - 2 potions of haste
 e - 3 potions of berserk rage
 h - 2 potions of invisibility
 n - a potion of mutation
 o - 2 potions of might


   Skills:
 + Level 3.0 Fighting
 + Level 6.4 Polearms
 + Level 4.8 Dodging
 - Level 6.0 Stealth
 + Level 13.2 Spellcasting
 * Level 9.0 Conjurations
 + Level 2.6 Hexes
 + Level 10.8 Fire Magic
 + Level 4.3 Air Magic


You had 5 spell levels left.
You knew the following spells:

 Your Spells              Type           Power      Damage    Failure   Level
a - Foxfire               Conj/Fire      100%       2x1d9     1%          1
b - Scorch                Fire           100%       2d9       1%          2
c - Inner Flame           Hex/Fire       50%        N/A       1%          3
d - Flame Wave            Conj/Fire      60%        2d14      1%          4
e - Starburst             Conj/Fire      30%        6d9       10%         6
f - Plasma Beam           Fire/Air       26%        2x1d39    24%         6
g - Summon Guardian Gole  Hex/Summ       23%        N/A       6%          3
h - Summon Lightning Spi  Summ/Air       27%        N/A       14%         4

Your spell library contained the following spells:

 Spells                   Type           Power      Damage    Failure   Level
 Volatile Blastmotes      Fire/Tloc      86%        2d17      1%          3
 Poisonous Vapours        Pois/Air       54%        N/A       2%          2
 Sting                    Tmut/Pois      64%        1d6       3%          1
 Cigotuvi's Dreadful Rot  Necr/Pois/Air  46%        N/A       3%          2
 Call Imp                 Summ           32%        N/A       5%          2
 Animate Dead             Necr           16%        N/A       34%         4
 Summon Mana Viper        Hex/Summ       23%        N/A       50%         5
 Alistair's Intoxication  Tmut/Pois      10%        N/A       69%         5
 Summon Forest            Summ/Tloc      8%         N/A       69%         5
 Summon Cactus Giant      Summ           8%         N/A       99%         6
 Haunt                    Necr/Summ      8%         N/A       100%        7


Dungeon Overview and Level Annotations

Branches:
Dungeon (1/1)

Altars:
Ashenzari
Cheibriados
Dithmenos
Elyvilon
Fedhas
Gozag
Hepliaklqana
Kikubaaqudgha
Makhleb
Nemelex Xobeh
Okawaru
Qazlal
Ru
Sif Muna
Trog
Uskayaw
Vehumet
Wu Jian
Xom
Yredelemnul
Zin
The Shining One
Jiyva
Lugonu


Innate Abilities, Weirdness & Mutations

You cannot wear most types of armour.
You are amphibious.
You can wear up to eight rings at the same time.
Your skin changes colour to match your surroundings (Stealth+).
Your rubbery body absorbs attacks. (AC +1, EV +1)
((You are camouflaged when in or above water. (Stealth+)))
You have tentacles for arms and can constrict up to eight enemies at once.


Message History

Aiming: Inner Flame (safe; 1% risk of failure)
Press: ? - help, Dir - move target, f - wight
Aim: a wight, wielding a +2 hand axe and wearing a +0 robe (chance to affect: 93%)
The wight is filled with an inner flame.
The wight hits your guardian golem with a +2 hand axe!
Unknown command.
Unknown command.
Casting: Inner Flame (safe; 1% risk of failure)
Confirm with . or Enter, or press ? or * to list all spells.
Aiming: Inner Flame (safe; 1% risk of failure)
Press: ? - help, Dir - move target, f - wight, p - wight
Aim: a wight, wielding a +0 flail and wearing a +0 robe (chance to affect: 93%)
The wight is filled with an inner flame.
The wight hits your guardian golem with a +2 hand axe.
The wight hits your guardian golem with a +2 hand axe!
Unknown command.
The wight hits your guardian golem with a +2 hand axe.
Your guardian golem overheats!
Unknown command.
The jumping spider leaps!
Casting: Inner Flame (safe; 1% risk of failure)
Confirm with . or Enter, or press ? or * to list all spells.
Aiming: Inner Flame (safe; 1% risk of failure)
Press: ? - help, Dir - move target, f - acid dragon
Aim: an acid dragon (sparse dust, chance to affect: 93%)
The acid dragon is filled with an inner flame.
The acid dragon spits acid at you.
The splash of acid hits your guardian golem!!
The acid corrodes your guardian golem! Flame seeps out of your guardian golem.
Your guardian golem is engulfed in blazing flames.
Your guardian golem disappears in a puff of smoke!
Your guardian golem explodes!
The fiery explosion engulfs you!!!
Ouch! That really hurt!
* * * LOW HITPOINT WARNING * * *
Unknown command.
Unknown command.
The acid dragon spits acid at you. The splash of acid hits you!
You die...

)'.##......#..#......#
##.##................+
....)................+
#####......#..#......#
#..##..........÷÷....#
').#####'#####''######
#'###.......##''# #####
...##.......##..###...#
...##.......##..@##...# .#
#####...<...###..§##)##..##
)..##.......# ##.§○§†.)...#
)..##.......###..###D###...#
#####.......##..## .z. .#
#..###########..+ D...+
#.############..## ...##
#.#....#..[[###..# +###
#'#....#..[[# ##........


You could see an acid dragon (inner flame, catching breath) and a wight.

Vanquished Creatures
  A deep elf pyromancer (D)
  An orc sorcerer (D)
  A rime drake (D)
  A cane toad (D)
  Prince Ribbit (D)
  A fire bat (D)
  A steam dragon (D)
  A water moccasin (D)
  A warg (D)
  A floating eye (D)
  A sky beast (D)
  9 wolves (D)
  A small abomination (D)
  A quasit (D)
  Terence (D)
  A mummy (D)
  An adder (D)
  2 gnolls (D)
  2 river rats (D)
  An orc (D)
  A ball python (D)
  A bat (D)
  2 endoplasms (D)
  2 hobgoblins (D)
  3 jackals (D)
  A quokka (D)
  A frilled lizard (D)
41 creatures vanquished.

Vanquished Creatures (others)
  33 foxfires (D)
33 creatures vanquished.

Grand Total: 74 creatures vanquished

Notes
Turn   | Place    | Note
-------+----------+-------------------------------------------
     0 | D        | Conn the Octopode Fire Elementalist began the quest for the
                  | Orb.
     0 | D        | Reached XP level 1. HP: 11/11 MP: 3/3
    64 | D        | Found a bloodstained altar of Trog.
    64 | D        | Found a shimmering blue altar of Sif Muna.
    64 | D        | Found a viscous altar of Jiyva.
    64 | D        | Found a hazy altar of Hepliaklqana.
    64 | D        | Found an opulent altar of Gozag.
    65 | D        | Found a glowing golden altar of the Shining One.
    65 | D        | Found a glowing silver altar of Zin.
    65 | D        | Found a basalt altar of Yredelemnul.
    65 | D        | Found a shimmering altar of Xom.
    65 | D        | Found an ornate altar of the Wu Jian Council.
    65 | D        | Found a sacrificial altar of Ru.
    65 | D        | Found a stormy altar of Qazlal.
    65 | D        | Found an iron altar of Okawaru.
    65 | D        | Found a sparkling altar of Nemelex Xobeh.
    65 | D        | Found a burning altar of Makhleb.
    65 | D        | Found a blossoming altar of Fedhas.
    65 | D        | Found a white marble altar of Elyvilon.
    65 | D        | Found a shadowy altar of Dithmenos.
    65 | D        | Found a snail-covered altar of Cheibriados.
    66 | D        | Found a radiant altar of Vehumet.
    66 | D        | Found a corrupted altar of Lugonu.
    67 | D        | Found an ancient bone altar of Kikubaaqudgha.
    67 | D        | Found a hide-covered altar of Uskayaw.
    67 | D        | Found a broken altar of Ashenzari.
    68 | D        | Became a worshipper of Sif Muna the Loreminder
    92 | D        | Reached XP level 2. HP: 17/17 MP: 3/5
    95 | D        | Learned a level 2 spell: Scorch
   118 | D        | Reached * piety under Sif Muna
   122 | D        | Reached skill level 3 in Spellcasting
   159 | D        | Reached ** piety under Sif Muna
   160 | D        | Reached XP level 3. HP: 21/21 MP: 2/7
   162 | D        | Reached skill level 5 in Fire Magic
   168 | D        | Reached skill level 1 in Polearms
   237 | D        | Reached *** piety under Sif Muna
   317 | D        | Learned a level 3 spell: Inner Flame
   318 | D        | Noticed Terence
   318 | D        | Noticed a water moccasin
   344 | D        | Killed Terence
   345 | D        | Reached skill level 4 in Spellcasting
   345 | D        | Reached XP level 4. HP: 27/27 MP: 1/10
   431 | D        | Killed a water moccasin
   432 | D        | Reached skill level 1 in Fighting
   432 | D        | Reached skill level 5 in Stealth
   432 | D        | Reached skill level 6 in Spellcasting
   432 | D        | Reached XP level 5. HP: 33/33 MP: 2/13
   554 | D        | Reached **** piety under Sif Muna
   554 | D        | Noticed a fire bat
   562 | D        | Killed a fire bat
   563 | D        | Reached skill level 7 in Spellcasting
   563 | D        | Reached skill level 5 in Conjurations
   563 | D        | Reached XP level 6. HP: 38/38 MP: 10/16
   609 | D        | Learned a level 4 spell: Flame Wave
   627 | D        | Noticed a steam dragon
   634 | D        | Killed a steam dragon
   635 | D        | Reached skill level 5 in Polearms
   635 | D        | Reached skill level 8 in Spellcasting
   635 | D        | Reached XP level 7. HP: 43/43 MP: 17/19
   685 | D        | Noticed Prince Ribbit
   690 | D        | Reached ***** piety under Sif Muna
   691 | D        | Reached skill level 9 in Spellcasting
   692 | D        | Killed Prince Ribbit
   693 | D        | Reached skill level 1 in Hexes
   838 | D        | Reached skill level 10 in Spellcasting
   838 | D        | Reached XP level 8. HP: 50/50 MP: 15/22
   840 | D        | Identified Sif Muna's Compilation of Pestilent Lamentation
                  | (Sif Muna gifted it to you in the Dungeon)
   840 | D        | Received a gift from Sif Muna
  1074 | D        | Noticed a rime drake
  1077 | D        | Reached skill level 11 in Spellcasting
  1081 | D        | Killed a rime drake
  1176 | D        | Reached skill level 12 in Spellcasting
  1185 | D        | Received a gift from Sif Muna
  1186 | D        | Reached XP level 9. HP: 39/55 MP: 19/25
  1195 | D        | Learned a level 6 spell: Starburst
  1202 | D        | Learned a level 6 spell: Plasma Beam
  1251 | D        | Noticed a cyclops
  1259 | D        | Noticed an orc sorcerer
  1264 | D        | Noticed a smoke demon
  1267 | D        | Noticed a red devil
  1268 | D        | Killed an orc sorcerer
  1269 | D        | Reached skill level 10 in Fire Magic
  1389 | D        | Noticed a cane toad
  1393 | D        | Killed a cane toad
  1444 | D        | Noticed a deep elf pyromancer
  1450 | D        | Identified Idghe's Enchiridion on the Familiar (Sif Muna
                  | gifted it to you in the Dungeon)
  1450 | D        | Received a gift from Sif Muna
  1451 | D        | Reached skill level 13 in Spellcasting
  1452 | D        | Killed a deep elf pyromancer
  1470 | D        | Learned a level 3 spell: Summon Guardian Golem
  1475 | D        | Learned a level 4 spell: Summon Lightning Spire
  1529 | D        | Killed from afar by an acid dragon

Illustrated notes

Levels and vault maps discovered:
D:        pitsprint [storerooms_1, entrance_room_1, metal_vault_5, armoury_1,
          mini_pit_1, grid_room_1, main_hall_1, silver_pit, the_coven_1,
          the_vestibule_1, steel_vault_5, golden_pit, hallway_of_sentries,
          crystal_vault_4, iron_vault_4, final_vault]

Skill      XL: |  1  2  3  4  5  6  7  8  9 |
---------------+----------------------------+-----
Stealth        | 3 4 5 6 |  6.0
Fire Magic     | 4 5 6 7 8 9 10 | 10.8
Spellcasting   | 3 4 6 7 8 10 12 13 | 13.2
Conjurations   | 2 3 4 5 6 7 9 |  9.0
Polearms       | 1 3 4 5 6 |  6.4
Fighting       | 1 2 3 |  3.0
Dodging        | 3 4 |  4.8
Hexes          | 1 2 |  2.6
Air Magic      | 4 |  4.3

Action                     |  1- 3 |  4- 6 |  7- 9 || total
---------------------------+-------+-------+-------++-------
  Melee: Trident           |    18 |    20 |    10 ||    48
         Constrict         |     6 |     1 |     1 ||     8
         Tentacles         |     2 |     1 |       ||     3
         Punch             |       |       |     1 ||     1
   Cast: Foxfire           |     7 |     4 |    10 ||    21
         Scorch            |     4 |     5 |    17 ||    26
         Inner Flame       |     1 |       |     9 ||    10
         Flame Wave        |       |       |     4 ||     4
         Starburst         |       |       |     2 ||     2
         Summon Guardian G |       |       |     1 ||     1
    Use: Potion            |       |     2 |       ||     2
   Stab: Sleeping          |     2 |     1 |       ||     3
 Armour: Skin              |     5 |     9 |    15 ||    29
  Dodge: Dodged            |    10 |    14 |    23 ||    47

Table legend: (Time is in decaauts)
 A = Elapsed time spent in this place.
 B = Non-inter-level travel time spent in this place.
 C = Inter-level travel time spent in this place.
 D = Time resting spent in this place.
 E = Time spent auto-exploring this place.
 F = Levels seen in this place.
 G = Mean time per level.
                   A        B        C        D        E       F      G
               +--------+--------+--------+--------+--------+-----+--------+
         Total |   1554 |   1554 |      0 |    879 |      0 |   1 | 1554.0 |
       Dungeon |   1554 |   1554 |      0 |    879 |      0 |   1 | 1554.0 |
               +--------+--------+--------+--------+--------+-----+--------+

Top non-repeatable levels by time:
       D: 1554 daAuts
